[ AOE2 MATCH · #505686830 ]
UnrankedArmenians vs Gurjaras
Player's team · LOSS
Rival team · WIN
[ REPLAY ANALYSIS · EXTRACTED FROM THE RECORDED GAME ]
Feudal
8:54
Castle
29:22
Imperial
—
| APM avg | 64.4 |
| APM peak | 92 |
| eAPM avg | 29.6 |
| Villagers / military | 144 / 183 |
Focus
⚔️ 40.7% · 🌾 59.3%
Archer ×60 · Spearman ×40 · Cavalry Archer ×31 · Knight ×19 · Skirmisher ×11 · Battering Ram ×9
Feudal
8:29
Castle
23:59
Imperial
—
| APM avg | 58.5 |
| APM peak | 81 |
| eAPM avg | 31.5 |
| Villagers / military | 180 / 131 |
Focus
⚔️ 32.9% · 🌾 67.1%
Shrivamsha Rider ×88 · Mangonel ×14 · Archer ×9 · Scout Cavalry ×9 · Spearman ×6 · Monk ×4
Match map
Initial resources + every placement click. Lines = walls · curves = elevation contours. ◆ gold · ⬟ stone · ● berries · ✦ relic · ◌ wall gap
Your base· Open — unwalled flank
OS+ | Emil :D's base· Open — unwalled flank
Smoothed initial terrain · ◌ = detected wall gap · hover for details
Inputs per minute
— CNZS_98T - - OS+ | Emil :D
Build order — CNZS_98T
First 150 of 483 actions detected
| 0:01 | Create | Villager (Male) |
| 0:01 | Create | Villager (Male) |
| 0:01 | Create | Villager (Male) |
| 0:02 | Create | Villager (Male) |
| 0:02 | Build | House |
| 0:04 | Build | House |
| 1:25 | Create | Villager (Male) |
| 1:25 | Create | Villager (Male) |
| 1:54 | Build | Mule Cart |
| 1:58 | Create | Villager (Male) |
| 2:14 | Create | Villager (Male) |
| 2:15 | Create | Villager (Male) |
| 2:45 | Create | Villager (Male) |
| 3:04 | Create | Villager (Male) |
| 3:23 | Build | House |
| 3:38 | Create | Villager (Male) |
| 3:39 | Create | Villager (Male) |
| 3:53 | Build | Mill |
| 4:03 | Create | Villager (Male) |
| 4:03 | Create | Villager (Male) |
| 4:47 | Create | Villager (Male) |
| 4:56 | Create | Villager (Male) |
| 5:41 | Create | Villager (Male) |
| 6:16 | Create | Villager (Male) |
| 6:44 | Research | Feudal Age |
| 6:44 | Research | Feudal Age |
| 6:58 | Build | Mule Cart |
| 7:55 | Build | Barracks |
| 7:58 | Build | House |
| 8:00 | Research | Loom |
| 8:54 | Age | Feudal Age |
| 8:57 | Build | Stable |
| 9:07 | Create | Spearman |
| 9:18 | Create | Villager (Male) |
| 9:31 | Create | Villager (Male) |
| 9:41 | Build | House |
| 9:45 | Create | Scout Cavalry |
| 9:45 | Create | Scout Cavalry |
| 9:49 | Create | Spearman |
| 9:50 | Create | Villager (Male) |
| 10:00 | Create | Spearman |
| 10:06 | Create | Scout Cavalry |
| 10:25 | Build | Farm |
| 10:37 | Create | Villager (Male) |
| 10:51 | Build | Farm |
| 11:01 | Create | Villager (Male) |
| 11:15 | Create | Villager (Male) |
| 11:19 | Build | Farm |
| 11:23 | Build | Farm |
| 11:25 | Build | House |
| 11:36 | Create | Spearman |
| 11:38 | Build | Farm |
| 11:44 | Build | Farm |
| 11:46 | Build | Farm |
| 11:57 | Create | Villager (Male) |
| 11:57 | Create | Villager (Male) |
| 11:59 | Build | Farm |
| 12:04 | Build | House |
| 12:14 | Create | Villager (Male) |
| 12:22 | Build | Palisade Wall |
| 12:23 | Build | Palisade Wall |
| 12:35 | Create | Villager (Male) |
| 12:55 | Create | Villager (Male) |
| 13:02 | Build | Archery Range |
| 13:14 | Research | Double-Bit Axe |
| 13:14 | Research | Double-Bit Axe |
| 13:28 | Build | Watch Tower |
| 13:33 | Create | Scout Cavalry |
| 13:41 | Create | Villager (Male) |
| 13:44 | Build | Farm |
| 13:48 | Create | Skirmisher |
| 14:06 | Create | Villager (Male) |
| 14:12 | Create | Skirmisher |
| 14:17 | Create | Villager (Male) |
| 14:28 | Create | Skirmisher |
| 14:29 | Build | House |
| 14:48 | Build | Farm |
| 14:50 | Create | Skirmisher |
| 14:54 | Create | Villager (Male) |
| 14:59 | Build | House |
| 15:05 | Create | Scout Cavalry |
| 15:09 | Build | Farm |
| 15:19 | Build | Farm |
| 15:21 | Build | Farm |
| 15:22 | Create | Villager (Male) |
| 15:23 | Create | Villager (Male) |
| 15:25 | Build | Farm |
| 15:27 | Build | Farm |
| 15:41 | Create | Villager (Male) |
| 15:58 | Create | Villager (Male) |
| 16:00 | Build | Blacksmith |
| 16:03 | Build | Mule Cart |
| 16:15 | Create | Skirmisher |
| 16:17 | Build | House |
| 16:21 | Create | Villager (Male) |
| 16:34 | Research | Fletching |
| 16:34 | Research | Fletching |
| 16:38 | Build | Farm |
| 16:48 | Create | Villager (Male) |
| 16:49 | Build | Farm |
| 17:03 | Create | Villager (Male) |
| 17:07 | Build | Archery Range |
| 17:20 | Create | Villager (Male) |
| 17:26 | Build | Farm |
| 17:32 | Research | Padded Archer Armor |
| 17:33 | Research | Padded Archer Armor |
| 17:43 | Create | Archer |
| 17:56 | Create | Villager (Male) |
| 17:58 | Build | House |
| 18:00 | Create | Spearman |
| 18:01 | Create | Spearman |
| 18:15 | Create | Spearman |
| 18:20 | Create | Spearman |
| 18:21 | Create | Spearman |
| 18:41 | Create | Archer |
| 18:41 | Create | Archer |
| 18:46 | Create | Villager (Male) |
| 18:51 | Create | Spearman |
| 19:03 | Create | Villager (Male) |
| 19:12 | Create | Archer |
| 19:12 | Create | Archer |
| 19:15 | Create | Villager (Male) |
| 19:15 | Create | Villager (Male) |
| 19:29 | Create | Archer |
| 19:30 | Create | Archer |
| 19:31 | Create | Villager (Male) |
| 19:35 | Build | House |
| 19:49 | Create | Skirmisher |
| 19:49 | Create | Skirmisher |
| 19:50 | Create | Villager (Male) |
| 19:57 | Create | Skirmisher |
| 20:08 | Create | Villager (Male) |
| 20:11 | Create | Archer |
| 20:11 | Create | Archer |
| 20:14 | Build | House |
| 20:15 | Build | Palisade Wall |
| 20:17 | Build | Palisade Wall |
| 20:26 | Create | Villager (Male) |
| 20:38 | Build | Mule Cart |
| 20:42 | Create | Archer |
| 20:47 | Create | Archer |
| 20:56 | Create | Villager (Male) |
| 21:02 | Create | Archer |
| 21:03 | Create | Archer |
| 21:27 | Create | Villager (Male) |
| 21:30 | Create | Skirmisher |
| 21:30 | Create | Skirmisher |
| 21:32 | Create | Skirmisher |
| 21:36 | Build | Watch Tower |
| 21:42 | Create | Villager (Male) |
Build order — OS+ | Emil :D
First 150 of 524 actions detected
| 0:01 | Create | Villager (Male) |
| 0:01 | Create | Villager (Male) |
| 0:02 | Build | House |
| 0:02 | Build | House |
| 0:06 | Create | Villager (Male) |
| 0:19 | Create | Villager (Male) |
| 0:20 | Create | Villager (Male) |
| 0:21 | Build | Mill |
| 1:17 | Create | Villager (Male) |
| 1:17 | Create | Villager (Male) |
| 1:50 | Create | Villager (Male) |
| 2:17 | Create | Villager (Male) |
| 2:43 | Build | House |
| 2:48 | Create | Villager (Male) |
| 2:48 | Create | Villager (Male) |
| 2:48 | Create | Villager (Male) |
| 3:20 | Create | Villager (Male) |
| 3:20 | Create | Villager (Male) |
| 3:35 | Create | Villager (Male) |
| 3:35 | Create | Villager (Male) |
| 3:41 | Build | House |
| 3:50 | Create | Villager (Male) |
| 3:50 | Create | Villager (Male) |
| 4:02 | Create | Villager (Male) |
| 4:02 | Create | Villager (Male) |
| 4:15 | Create | Villager (Male) |
| 4:15 | Create | Villager (Male) |
| 4:46 | Create | Villager (Male) |
| 4:47 | Create | Villager (Male) |
| 4:49 | Build | Lumber Camp |
| 6:19 | Research | Feudal Age |
| 6:40 | Build | Lumber Camp |
| 7:37 | Build | Barracks |
| 7:48 | Research | Loom |
| 8:23 | Create | Villager (Male) |
| 8:23 | Research | Loom |
| 8:29 | Age | Feudal Age |
| 8:35 | Build | Stable |
| 8:54 | Research | Double-Bit Axe |
| 8:55 | Research | Double-Bit Axe |
| 8:58 | Create | Villager (Male) |
| 9:08 | Create | Villager (Male) |
| 9:14 | Create | Spearman |
| 9:15 | Create | Scout Cavalry |
| 9:15 | Create | Scout Cavalry |
| 9:19 | Create | Villager (Male) |
| 9:21 | Build | Farm |
| 9:43 | Create | Villager (Male) |
| 9:59 | Build | Archery Range |
| 10:05 | Create | Scout Cavalry |
| 10:13 | Build | House |
| 10:34 | Create | Villager (Male) |
| 11:09 | Create | Villager (Male) |
| 11:20 | Build | Mining Camp |
| 11:34 | Build | Farm |
| 11:35 | Build | Farm |
| 11:39 | Create | Archer |
| 11:42 | Create | Spearman |
| 11:44 | Build | House |
| 12:13 | Create | Archer |
| 12:18 | Create | Villager (Male) |
| 12:24 | Build | Blacksmith |
| 12:28 | Create | Archer |
| 12:29 | Create | Villager (Male) |
| 12:29 | Create | Villager (Male) |
| 12:39 | Build | Farm |
| 12:58 | Build | Palisade Wall |
| 13:01 | Build | Palisade Wall |
| 13:09 | Create | Spearman |
| 13:14 | Build | House |
| 13:20 | Build | House |
| 13:22 | Build | Palisade Wall |
| 13:26 | Create | Villager (Male) |
| 13:34 | Research | Fletching |
| 13:34 | Research | Fletching |
| 13:35 | Create | Archer |
| 13:40 | Build | Farm |
| 13:41 | Build | Farm |
| 13:41 | Build | Farm |
| 13:41 | Build | Farm |
| 13:42 | Build | Farm |
| 13:47 | Build | House |
| 13:49 | Build | House |
| 13:51 | Create | Villager (Male) |
| 14:01 | Build | Palisade Wall |
| 14:01 | Build | Palisade Wall |
| 14:03 | Build | Palisade Wall |
| 14:04 | Build | Palisade Wall |
| 14:05 | Build | Palisade Wall |
| 14:09 | Create | Archer |
| 14:09 | Create | Villager (Male) |
| 14:10 | Create | Villager (Male) |
| 14:17 | Build | Farm |
| 14:18 | Build | Farm |
| 14:32 | Create | Archer |
| 14:36 | Create | Scout Cavalry |
| 14:37 | Create | Scout Cavalry |
| 14:45 | Create | Villager (Male) |
| 14:53 | Create | Archer |
| 14:54 | Create | Villager (Male) |
| 14:56 | Build | Farm |
| 15:15 | Build | Farm |
| 15:16 | Build | Farm |
| 15:23 | Create | Villager (Male) |
| 15:29 | Build | Farm |
| 15:37 | Create | Archer |
| 15:38 | Create | Villager (Male) |
| 15:51 | Create | Spearman |
| 15:54 | Create | Archer |
| 16:02 | Build | Farm |
| 16:16 | Create | Scout Cavalry |
| 16:16 | Create | Villager (Male) |
| 16:19 | Research | Forging |
| 16:19 | Research | Forging |
| 16:32 | Create | Villager (Male) |
| 16:54 | Create | Villager (Male) |
| 17:14 | Create | Villager (Male) |
| 17:19 | Build | Mining Camp |
| 17:32 | Build | Watch Tower |
| 17:42 | Build | Farm |
| 17:45 | Research | Wheelbarrow |
| 17:45 | Research | Wheelbarrow |
| 17:54 | Build | Watch Tower |
| 17:59 | Create | Villager (Male) |
| 18:12 | Build | Farm |
| 18:13 | Build | Farm |
| 18:16 | Create | Spearman |
| 18:19 | Build | House |
| 18:21 | Build | Palisade Wall |
| 18:28 | Build | House |
| 19:06 | Create | Villager (Male) |
| 19:27 | Create | Villager (Male) |
| 19:42 | Build | Watch Tower |
| 19:51 | Build | Market |
| 19:55 | Create | Villager (Male) |
| 20:17 | Build | House |
| 20:18 | Build | House |
| 20:19 | Create | Spearman |
| 20:35 | Build | Watch Tower |
| 20:44 | Build | Watch Tower |
| 20:50 | Build | Palisade Wall |
| 20:53 | Build | Palisade Wall |
| 20:58 | Build | House |
| 21:03 | Create | Scout Cavalry |
| 21:04 | Create | Scout Cavalry |
| 21:19 | Research | Castle Age |
| 21:37 | Create | Scout Cavalry |
| 21:47 | Build | Watch Tower |
| 22:41 | Build | Palisade Wall |
| 22:41 | Build | Palisade Wall |
Match timeline
| 7:37 | OS+ | Emil :D · first_building Barracks |
| 7:55 | CNZS_98T · first_building Barracks |
| 8:29 | OS+ | Emil :D · age_up feudal |
| 8:35 | OS+ | Emil :D · first_building Stable |
| 8:54 | CNZS_98T · age_up feudal |
| 8:57 | CNZS_98T · first_building Stable |
| 9:59 | OS+ | Emil :D · first_building Archery Range |
| 12:22 | CNZS_98T · wall_segment Palisade Wall x1 |
| 12:23 | CNZS_98T · wall_segment Palisade Wall x1 |
| 12:58 | OS+ | Emil :D · wall_segment Palisade Wall x1 |
| 13:01 | OS+ | Emil :D · wall_segment Palisade Wall x1 |
| 13:02 | CNZS_98T · first_building Archery Range |
| 13:22 | OS+ | Emil :D · wall_segment Palisade Wall x1 |
| 14:01 | OS+ | Emil :D · wall_segment Palisade Wall x1 |
| 14:01 | OS+ | Emil :D · wall_segment Palisade Wall x1 |
| 14:03 | OS+ | Emil :D · wall_segment Palisade Wall x1 |
| 14:04 | OS+ | Emil :D · wall_segment Palisade Wall x1 |
| 14:05 | OS+ | Emil :D · wall_segment Palisade Wall x1 |
| 18:21 | OS+ | Emil :D · wall_segment Palisade Wall x1 |
| 20:15 | CNZS_98T · wall_segment Palisade Wall x1 |
| 20:17 | CNZS_98T · wall_segment Palisade Wall x3 |
| 20:32 | OS+ | Emil :D · first_market_buy 100 stone |
| 20:50 | OS+ | Emil :D · wall_segment Palisade Wall x2 |
| 20:53 | OS+ | Emil :D · wall_segment Palisade Wall x3 |
| 22:41 | OS+ | Emil :D · wall_segment Palisade Wall x2 |
| 22:41 | OS+ | Emil :D · wall_segment Palisade Wall x2 |
| 22:41 | OS+ | Emil :D · wall_segment Palisade Wall x1 |
| 22:41 | OS+ | Emil :D · wall_segment Palisade Wall x2 |
| 22:42 | OS+ | Emil :D · wall_segment Palisade Wall x1 |
| 23:38 | OS+ | Emil :D · first_market_sell 100 wood |
| 23:59 | OS+ | Emil :D · age_up castle |
| 26:13 | CNZS_98T · first_market_buy 100 food |
| 26:50 | OS+ | Emil :D · first_building Siege Workshop |
| 28:08 | OS+ | Emil :D · first_building Monastery |
| 29:22 | CNZS_98T · age_up castle |
| 33:11 | CNZS_98T · first_building Monastery |
| 34:43 | CNZS_98T · first_building Siege Workshop |
| 42:11 | CNZS_98T · first_market_sell 100 wood |
| 50:07 | CNZS_98T · resign |
[ AI ANALYSIS · 1 CREDIT ]
What really happened in this match?
Wolo.gg analyzes every decision: build order, eco, micro, common mistakes by bracket. Personalized analysis on WhatsApp or Discord in 30 seconds.
Civ guide
Armenians
Perfil
Jibatong (CNZS_98T)